 Dungeon Crawl Stone Soup version 0.28.0-55-gcd9437bce4 (webtiles) character file.

Game seed: 7059300681311389895

2811 cbfl8 the Cleaver (level 9, 0/79 HPs)
             Began as a Minotaur Berserker on Dec 1, 2022.
             Was an Elder of Trog.
             Succumbed to a hornet's poison
             ... on level 7 of the Dungeon.
             The game lasted 00:08:17 (8093 turns).

cbfl8 the Cleaver (Minotaur Berserker)              Turns: 8093, Time: 00:08:18

Health: 0/79       AC: 16    Str: 25 (27) XL:     9   Next: 44%
Magic:  8/8        EV:  9    Int:  3 (6)  God:    Trog [****..]
Gold:   100        SH:  0    Dex: 13 (15) Spells: 8/8 levels left

rFire   . . .      SeeInvis .   m - +0 war axe
rCold   . . .      Faith    .   (no shield)
rNeg    . . .      Spirit   .   n - +0 plate armour
rPois   .          Reflect  .   (helmet restricted)
rElec   .          Harm     .   (no cloak)
rCorr   .          Rampage  .   (no gloves)
Will    .....                   c - +0 pair of boots
Stlth   ..........              (no amulet)
HPRegen 0.23/turn               p - +6 ring of strength
MPRegen 0.11/turn               (no ring)

@: lethally poisoned (0 -> -3), on berserk cooldown, slowed, very slow
A: horns 2, retaliatory headbutt, talons 1, iridescent scales 1, clever 1,
subdued magic 1
a: Renounce Religion, Berserk, Trog's Hand, Brothers in Arms


You were on level 7 of the Dungeon.
You worshipped Trog.
Trog was greatly pleased with you.
You visited 1 branch of the dungeon, and saw 7 of its levels.

You collected 158 gold pieces.
You spent 58 gold pieces at shops.

Inventory:

Hand Weapons
 a - the +9 lance "Wyrmbane" {slay drac, rPois rF+ rC+ AC+3}
   (You took it off Maggie on level 6 of the Dungeon)

   It inflicts extra damage against dragons and draconians.
   AC:        It affects your AC (+3).
   rF:        It protects you from fire.
   rC:        It protects you from cold.
   rPois:     It protects you from poison.
 m - a +0 war axe (weapon)
Missiles
 q - 2 throwing nets (quivered)
Armour
 c - a +0 pair of boots (worn)
 n - a +0 plate armour (worn)
Jewellery
 p - a +6 ring of strength (left hand)
Wands
 r - a wand of paralysis (11)
Scrolls
 b - a scroll of enchant armour
 d - 2 scrolls of summoning
 h - 2 scrolls of teleportation
 i - a scroll of fog
 j - a scroll of immolation
 l - a scroll of noise
Potions
 e - 2 potions of haste
 g - a potion of invisibility {unknown}
 o - a potion of might {unknown}


   Skills:
 * Level 7.1 Fighting
 * Level 11.4 Axes
 + Level 6.3 Armour
 * Level 5.2 Dodging
 * Level 3.5 Evocations


You had 8 spell levels left.
You didn't know any spells.
Your spell library was empty.

Dungeon Overview and Level Annotations

Branches:
Dungeon (7/15)             Temple (0/1) D:4

Altars:
Vehumet

Shops:
D:3 ?   D:6 *

Annotations:
D:4 3 runed translucent doors, bronco's ghost, amateur OpVM


Innate Abilities, Weirdness & Mutations

You have a pair of horns on your head.
You reflexively headbutt those who attack you in melee.
You have sharp toenails.
You are partially covered in iridescent scales. (AC +2)
Your mind is acute. (Int +2)
Your spells are a little easier to cast, but a little less powerful.


Message History

The hornet stings you but does no damage.
The hornet stings you!
* * * LOW HITPOINT WARNING * * *
You are lethally poisoned!
You feel as though you will be slow longer.
Unknown command.
You miss the hornet. Your headbutt misses the hornet.
The hornet is severely wounded.
* * * LOW HITPOINT WARNING * * *
You feel very sick.
The hornet stings you but does no damage.
You completely miss the hornet. You headbutt the hornet.
The hornet is severely wounded.
* * * LOW HITPOINT WARNING * * *
You feel very sick. The hornet closely misses you.
You barely miss the hornet.
The hornet is severely wounded.
* * * LOW HITPOINT WARNING * * *
You feel very sick.
The hornet stings you but does no damage. x2
You slash the hornet!
You kill the hornet!
Trog accepts your kill.
* * * LOW HITPOINT WARNING * * *
You feel very sick.
* * * LOW HITPOINT WARNING * * *
You feel sick.
You feel a strong urge to attack something.
You feel yourself speed up.
You are no longer berserk.
You are exhausted.
You feel yourself slow down.
* * * LOW HITPOINT WARNING * * *
You feel sick.
* * * LOW HITPOINT WARNING * * *
You feel sick.
It was a potion of degeneration.
There was something very wrong with that liquid.
You feel weakened.
You feel dopey.
You feel clumsy.
You die...

♣...♣ #..# ♣.♣.♣ #..#
♣♣♣♣.).♣♣♣♣♣.♣ #..#
.............♣ #..##
####..)#############[..#
.....................#.#
..............†..>...#.#
##########.####.#.##.#.#
#.....#..@..#.#.#
#####.#.#.....#.#
#...#..####.#
#####....<#.# ##.####.#
#.# #.# #.# #.# #.# #.#
#.# #.#


There were no monsters in sight!

Vanquished Creatures
  Maggie (D:6)
  Grinder (D:6)
  A hornet (D:7)
  Sigmund (D:6)
  2 water moccasins
  An ice beast (D:6)
  A sky beast (D:6)
  A black bear (D:6)
  3 necrophages
  4 ogres
  A bullfrog (D:7)
  3 scorpions
  A howler monkey (D:5)
  A centaur zombie (D:6)
  2 hounds (D:6)
  A bullfrog zombie (D:5)
  3 orc priests
  Terence (D:2)
  3 iguanas
  An orc wizard (D:2)
  A hound zombie (D:5)
  Robin (D:2)
  6 gnolls
  6 adders
  A shadow imp (D:5)
  2 white imps (D:6)
  An adder skeleton (D:4)
  2 worms (D:2)
  3 dart slugs
  25 orcs
  3 bats
  6 endoplasms
  5 giant cockroaches
  15 goblins
  11 hobgoblins
  4 jackals (D:3)
  6 quokkas
  9 ball pythons
  5 frilled lizards
  9 kobolds
  4 rats
158 creatures vanquished.

Notes
Turn   | Place    | Note
-------+----------+-------------------------------------------
     0 | D:1      | cbfl8 the Minotaur Berserker began the quest for the Orb.
     0 | D:1      | Reached XP level 1. HP: 19/19 MP: 0/0
   224 | D:1      | Reached skill level 4 in Axes
   311 | D:1      | Reached XP level 2. HP: 27/27 MP: 1/1
  1017 | D:1      | Reached XP level 3. HP: 31/33 MP: 2/2
  1217 | D:2      | Noticed Robin
  1227 | D:2      | Killed Robin
  1228 | D:2      | Reached ** piety under Trog
  1409 | D:2      | Reached skill level 5 in Axes
  1409 | D:2      | Reached XP level 4. HP: 27/41 MP: 3/3
  1662 | D:2      | Noticed Terence
  1671 | D:2      | Killed Terence
  2100 | D:2      | Found a faded altar of an unknown god.
  2411 | D:2      | Reached XP level 5. HP: 42/44 MP: 4/4
  2877 | D:3      | Reached *** piety under Trog
  3121 | D:3      | Reached skill level 6 in Axes
  3182 | D:3      | Found Uhie's Magic Scroll Shop.
  3189 | D:3      | Bought a scroll of identify for 28 gold pieces
  3443 | D:4      | Reached skill level 1 in Evocations
  3607 | D:4      | Reached XP level 6. HP: 41/55 MP: 5/5
  3837 | D:4      | Found a runed translucent gate.
  3837 | D:4      | Found a runed translucent gate.
  3837 | D:4      | Found a runed translucent gate.
  4008 | D:4      | Reached skill level 5 in Fighting
  4448 | D:4      | Noticed an ice beast
  4449 | D:4      | Noticed bronco's ghost (amateur OpVM)
  4853 | D:4      | Found a staircase to the Ecumenical Temple.
  4953 | D:5      | Entered Level 5 of the Dungeon
  5017 | D:5      | Identified the +6 mace "Litwefeo" {elec, rF+ Int+3 Dex+3}
  5025 | D:5      | Reached skill level 7 in Axes
  5035 | D:5      | Reached XP level 7. HP: 53/61 MP: 6/6
  5650 | D:5      | Reached **** piety under Trog
  5728 | D:5      | Reached skill level 8 in Axes
  5986 | D:6      | Noticed Sigmund
  6239 | D:6      | Reached XP level 8. HP: 70/70 MP: 7/7
  6270 | D:6      | Killed Sigmund
  6271 | D:6      | Reached skill level 9 in Axes
  6396 | D:6      | Gained mutation: Your spells are a little easier to cast,
                  | but a little less powerful. [potion of mutation]
  6396 | D:6      | Gained mutation: You have sharp toenails. [potion of
                  | mutation]
  6396 | D:6      | Gained mutation: Your mind is acute. (Int +2) [potion of
                  | mutation]
  6396 | D:6      | Gained mutation: You are partially covered in iridescent
                  | scales. (AC +2) [potion of mutation]
  6402 | D:6      | Reached skill level 5 in Armour
  6859 | D:6      | Noticed Grinder
  6871 | D:6      | Killed Grinder
  7165 | D:6      | Found a radiant altar of Vehumet.
  7175 | D:6      | Reached skill level 10 in Axes
  7527 | D:6      | Reached XP level 9. HP: 78/78 MP: 8/8
  7563 | D:6      | Found Moyc's General Store.
  7604 | D:6      | Bought a scroll of identify for 30 gold pieces
  7610 | D:6      | Noticed Maggie
  7619 | D:6      | Killed Maggie
  7912 | D:7      | Reached skill level 11 in Axes
  7989 | D:7      | Reached skill level 5 in Dodging
  8075 | D:7      | Paralysed by a hornet for 1 turns
  8079 | D:7      | Paralysed by a hornet for 2 turns
  8083 | D:7      | Paralysed by a hornet for 2 turns
  8090 | D:7      | HP: 5/118 [poisoned by a hornet]
  8091 | D:7      | HP: 2/79 [poisoned by a hornet]
  8093 | D:7      | Succumbed to a hornet's poison

Illustrated notes

Levels and vault maps discovered:
D:1:      evilmike_arrival_hilbert_curve, layout_basic, minmay_splitting_lines
D:2:      layout_rooms, dilly_ecumenical_altar_fadedgnrine,
          minmay_misc_feat_square, patterned_corridor, uniq_robin, uniq_terence
D:3:      layout_loops_ring, serial_shops, shop
D:4:      layout_layer_cave, minmay_temple_entry_fiery, gammafunk_ghost_icy
D:5:      layout_basic, kennysheep_cross_room, chequers_serial_rivers_micro_c,
          palyth_stone_intersect, chequers_jeans
D:6:      layout_cave_pools, nicolae_vehumet_radiance, serial_shops,
          nicolae_shop_temple_entry_statues_fountains,
          minmay_misc_feat_more_columns, uniq_sigmund, uniq_maggie, uniq_grinder
D:7:      nzn_winding_woodlands_medium [nzn_winding_woodlands_5x5_cross,
          nzn_winding_woodlands_5x15_concentric,
          nzn_winding_woodlands_5x5_checkerboard,
          nzn_winding_woodlands_5x5_perimeter,
          nzn_winding_woodlands_center_lodge,
          nzn_winding_woodlands_5x5_open_star, nzn_winding_woodlands_hourglass,
          nzn_winding_woodlands_5x15_default,
          nzn_winding_woodlands_5x5_default], layout_basic,
          minmay_misc_feat_secret_circle, uniq_duvessa

Skill      XL: |  1  2  3  4  5  6  7  8  9 |
---------------+----------------------------+-----
Axes           | 4 5 6 7 8 10 11 | 11.4
Fighting       | 4 5 6 7 |  7.1
Armour         | 3 4 5 6 |  6.3
Evocations     | 1 2 3 |  3.5
Dodging        | 3 4 5 |  5.2

Action                   |  1- 3 |  4- 6 |  7- 9 || total
-------------------------+-------+-------+-------++-------
Melee: Hand axe          |    76 |    60 |       ||   136
       Headbutt          |    14 |    25 |    39 ||    78
       War axe           |       |    97 |   181 ||   278
       Punch             |       |     1 |     1 ||     2
Invok: Berserk           |       |       |     5 ||     5
  Use: Scroll            |       |     5 |     3 ||     8
       Potion            |       |       |     6 ||     6
Armor: Animal skin       |     8 |       |       ||     8
       Chain mail        |    13 |    25 |       ||    38
       Plate armour      |       |    44 |   114 ||   158
Dodge: Dodged            |    43 |    71 |    79 ||   193
